 Dungeon Crawl Stone Soup version 0.16-b1 (webtiles) character file.

77 Zapata the Cudgeler (level 4, 0/42 HPs)
             Began as a Kobold Berserker on Mar 15, 2015.
             Was a Priest of Trog.
             Killed from afar by Terence (8 damage)
             ... with a wand of magic darts
             ... on level 3 of the Dungeon.
             The game lasted 00:01:44 (2587 turns).

Zapata the Cudgeler (Kobold Berserker)              Turns: 2587, Time: 00:01:44

Health: 0/42       AC:  2    Str: 20    XL:     4   Next: 60%
Magic:  4/4        EV: 15    Int:  5    God:    Trog [***...]
Gold:   116        SH:  0    Dex: 16    Spells: 0 memorised, 3 levels left

rFire  . . .     SeeInvis .     a - +0 mace
rCold  . . .     Clarity  .     b - +0 animal skin
rNeg   . . .     SustAb   .     (no shield)
rPois  .         Gourm    .     (no helmet)
rElec  .         Spirit   .     (no cloak)
rCorr  .         Warding  .     (no gloves)
rMut   .         Stasis   .     (no boots)
MR     .....                    (no amulet)
Stlth  ..........               (no ring)
                                (no ring)

@: berserking (expiring), very quick, not resistant to hostile enchantments,
extremely unstealthy
A: carnivore 3
a: Burn Spellbooks, Berserk, Trog's Hand, Renounce Religion


You were on level 3 of the Dungeon.
You worshipped Trog.
Trog was most pleased with you.
You were not hungry.

You visited 1 branch of the dungeon, and saw 3 of its levels.

You collected 116 gold pieces.

Inventory:

Hand weapons
 a - a +0 mace (weapon)
Armour
 b - a +0 animal skin (worn)
Jewellery
 l - an uncursed ring of poison resistance {unknown}
Scrolls
 f - a scroll of remove curse {unknown}
 g - 2 scrolls of noise {unknown}
 i - 5 scrolls of identify {unknown}
 k - 3 scrolls of teleportation {unknown}
Potions
 c - a potion of lignification {unknown}
 d - 4 potions of curing {unknown}
 e - a potion of agility {unknown}
 h - a potion of cure mutation {unknown}
 m - a potion of invisibility {unknown}
Comestibles
 j - a beef jerky


   Skills:
 - Level 3.2 Fighting
 + Level 5.0 Maces & Flails
 - Level 1.5 Armour
 - Level 2.4 Dodging


You had 3 spell levels left.
You didn't know any spells.

Dungeon Overview and Level Annotations

Branches:
Dungeon (3/15)

Altars:

Annotations:
D:3 Terence


Innate Abilities, Weirdness & Mutations

You are small and have problems with some larger weapons.
You are carnivorous and can eat meat at any time.


Message History

You are too injured to fight recklessly!
You are too injured to fight recklessly!
You are too injured to fight recklessly!
You are too injured to fight recklessly!
You are too injured to fight recklessly!
You are too injured to fight recklessly!
You are too injured to fight recklessly!
You are too injured to fight recklessly!
You are too injured to fight recklessly!
You are too injured to fight recklessly!
You hit Terence.
Terence is lightly wounded.
The orc completely misses you. Terence hits you with a flail.
* * * LOW HITPOINT WARNING * * *
You hit Terence.
Terence is moderately wounded.
You sock Terence!
Terence is severely wounded.
The orc closely misses you.
Terence zaps a wand.
The magic dart hits you!
You die...

...# ... ..... #....
...... #... .......
.... #...%... ...
#.....!? ..#
+##......@###.# ......
#o@##.#
.....[####.##.#
..........#..#.#
...........#.#.####.#
........)..#........#
..........+....#####.#
####......##.........#
#......##..##########
#......##..........<#


You could see Terence and an orc.

Vanquished Creatures
  2 adders (D:2)
  4 giant cockroaches
  6 goblins
  8 hobgoblins
  8 jackals (D:1)
  A quokka (D:2)
  2 ball pythons
  4 bats
  2 giant geckos
  3 giant newts
  8 kobolds
  5 rats
53 creatures vanquished.

Notes
Turn   | Place    | Note
--------------------------------------------------------------
     0 | D:1      | Zapata, the Kobold Berserker, began the quest for the Orb.
     0 | D:1      | Reached XP level 1. HP: 14/14 MP: 1/1
   131 | D:1      | Reached XP level 2. HP: 8/19 MP: 2/2
   359 | D:1      | Acquired Trog's second power
   794 | D:1      | Reached skill level 4 in Maces & Flails
   794 | D:1      | Reached XP level 3. HP: 23/23 MP: 3/3
  1767 | D:2      | Reached XP level 4. HP: 21/28 MP: 4/4
  2412 | D:3      | Noticed Terence
  2578 | D:3      | Reached skill level 5 in Maces & Flails
  2587 | D:3      | Killed from afar by Terence

Action                   |  1- 3 |  4- 6 || total
-------------------------+-------+-------++-------
Melee: Mace              |   127 |    48 ||   175
Invok: Berserk           |     1 |     2 ||     3
 Stab: Sleeping          |     1 |       ||     1
  Eat: Chunk             |     4 |       ||     4
       Meat ration       |     1 |       ||     1
